Selects Indian Artillery Battlegroup
Selects Indian Artillery Battlegroup
Selects Indian Artillery Battlegroup
Construct Section Command Post
Construct Field Infirmary
Construct Platoon Command Post
Selects Gurkha Rifles Section
Unlock M3 Stuart Light Tanks
6-pounder Anti-tank Gun Team
Selects Volunteer Infantry
Selects Towed ML 4.2-inch Heavy Mortar
Construct Company Command Post
Selects Off-map Airburst Barrage
Selects BL5.5 Artillery Emplacement
6-pounder Anti-tank Gun Team
Unlock Towed 17-pounder Anti-tank Guns
17-pounder Anti-tank Gun Team